 Dungeon Crawl Stone Soup version 0.31-a0-868-g674d60d6f7 (webtiles) character file.

Game seed: 10750210784269146016

2086 Joey1 the Cleaver (level 9, -4/74 HPs)
             Began as a Minotaur Berserker on Oct 11, 2023.
             Was a Priest of Trog.
             Killed from afar by a steam dragon (18 damage)
             ... with a ball of steam
             ... on level 7 of the Dungeon.
             The game lasted 00:07:07 (5365 turns).

Joey1 the Cleaver (Minotaur Berserker)              Turns: 5365, Time: 00:07:07

Health: -4/74      AC: 11    Str: 26    XL:     9   Next: 6%
Magic:  8/8        EV:  9    Int:  4    God:    Trog [***...]
Gold:   352        SH:  0    Dex: 16    Spells: 8/8 levels left

rFire   . . .        g - +0 hand axe (flame)
rCold   . . .        (no shield)
rNeg    . . .        z - +0 chain mail
rPois   +            (helmet restricted)
rElec   .            (no cloak)
rCorr   .            j - +0 pair of gloves
SInv    .            (no boots)
Will    .....        (no amulet) Stlth
                     n - +6 ring of dexterity
HPRegen 0.32/turn    l - ring of poison resistance
MPRegen 0.11/turn

%: no passive effects
@: no status effects
A: horns 2, retaliatory headbutt
a: Renounce Religion, Berserk, Trog's Hand


You were on level 7 of the Dungeon.
You worshipped Trog.
Trog was most pleased with you.
You visited 2 branches of the dungeon, and saw 8 of its levels.

You collected 352 gold pieces.

Inventory:

Hand Weapons
 a - a +0 hand axe
 g - a +0 hand axe of flaming (weapon)
 k - the +2 mace of the Dancing Lamprey {venom, rPois Str+4}
   (You found it on level 2 of the Dungeon)

   Str+4:     It affects your strength (+4).
   rPois:     It protects you from poison
Missiles
 i - 4 poisoned darts
 u - 3 curare-tipped darts
Armour
 b - a +0 animal skin
 h - a +0 leather armour
 j - a +0 pair of gloves (worn)
 v - a +0 ring mail
 z - a +0 chain mail (worn)
Jewellery
 l - a ring of poison resistance (right hand)
 n - a +6 ring of dexterity (left hand)
 p - a ring of magical power
 s - a +6 ring of dexterity
Wands
 y - a wand of acid (6)
 A - a wand of iceblast (3)
Scrolls
 c - 3 scrolls of identify
 d - 2 scrolls of teleportation
 e - a scroll of enchant weapon {unknown}
 f - 3 scrolls of fog
 m - 5 scrolls of vulnerability
 q - a scroll of blinking {unknown}
 r - a scroll of amnesia {unknown}
 x - 2 scrolls of immolation {unknown}
Potions
 o - 2 potions of curing
 t - a potion of attraction
 w - a potion of magic


   Skills:
 - Level 5.0 Fighting
 * Level 13.4 Axes
 - Level 5.0 Armour
 - Level 2.1 Dodging


You had 8 spell levels left.
You didn't know any spells.
Your spell library was empty.

Dungeon Overview and Level Annotations

Branches:
Dungeon (7/15)             Temple (1/1) D:5

Altars:
Ashenzari
Dithmenos
Elyvilon
Fedhas
Gozag
Hepliaklqana
Kikubaaqudgha
Makhleb
Nemelex Xobeh
Okawaru
Qazlal
Ru
Trog
Vehumet
Yredelemnul
Zin
The Shining One

Shops:
D:4 *   D:5 =

Annotations:
Temple 2 transporters


Innate Abilities, Weirdness & Mutations

You have a pair of horns on your head.
You reflexively headbutt those who attack you in melee.


Message History

Your headbutt misses the gnoll sergeant.
The gnoll sergeant is almost dead.
The gnoll bouda barks out a call to the hunt!
The gnolls pick up the pace!
The gnoll sergeant barely misses you.
You barely miss the gnoll sergeant. The gnoll sergeant blocks your attack.
The gnoll sergeant is almost dead.
You slash the gnoll! You burn the gnoll. The gnoll hits you but does no damage.
You closely miss the gnoll sergeant.
You headbutt the gnoll sergeant, but do no damage.
The gnoll sergeant is almost dead.
You hit the gnoll. You burn the gnoll.
You kill the gnoll!
Trog accepts your kill.
The gnoll sergeant hits you with a +0 spear.
You hit the gnoll sergeant. You burn the gnoll sergeant.
You kill the gnoll sergeant!
Trog accepts your kill.
You hit the steam dragon but do no damage.
The steam dragon bites you but does no damage.
The steam dragon closely misses you. The steam dragon breathes steam at you.
The ball of steam hits you!
* * * LOW HITPOINT WARNING * * *
You are engulfed in a cloud of scalding steam.
Found a scroll labelled KIORUE RAJUHU.
The gnoll is no longer moving quickly. x2
The steam dragon breathes steam at you. The ball of steam hits you!
* * * LOW HITPOINT WARNING * * *
The gnoll bouda calls upon its god to heal the gnoll.
The gnoll is healed somewhat.
You feel better.
The gnoll bouda calls upon its god to heal the gnoll.
The gnoll's wounds heal themselves!
The gnoll bouda barks out a call to the hunt!
The gnolls pick up the pace!
The steam dragon breathes steam at you. The ball of steam hits you!!
You die...

...#.#..#...####.# ... #.
...................#.... #.
.##...##..#.###......... #.
..................###### #)
#?.####.#...#.####.##.#..... #)
#...........#.#<..........######)
#...........#..................))
##..###.#...######...............
.#......#.gg.D§§@...#.#..........
.#......#.#..§........#.#####..#.
........g...........#.# # ##.<#.
.#).....#.##.########.#.####..##.
.)................<..............
.#.#.#..#.##.#####.##.######.####
.#.#.#..#.##...###.##............
.#.#.#..#...........#######.#####
.#.#.#...........#########.†#


There were no monsters in sight!

Vanquished Creatures
  Jeremiah (D:6)
  Prince Ribbit (D:6)
  3 ice beasts
  A black bear (D:6)
  An orc warrior (D:6)
  A kobold brigand (D:7)
  2 phantoms
  A bullfrog (D:7)
  A gnoll sergeant (D:7)
  6 scorpions
  2 hounds (D:4)
  3 orc priests
  4 jellies
  A sleepcap (D:7)
  3 iguanas
  An orc wizard (D:5)
  5 adders
  A gnoll (D:7)
  An ufetubus (D:5)
  2 worms
  3 dart slugs
  15 orcs
  5 endoplasms
  5 giant cockroaches
  7 goblins
  5 hobgoblins
  5 jackals
  11 kobolds
  3 quokkas
  6 ball pythons
  5 bats
  3 frilled lizards
  A rat (D:3)
115 creatures vanquished.

Notes
Turn   | Place    | Note
-------+----------+-------------------------------------------
     0 | D:1      | Joey1 the Minotaur Berserker began the quest for the Orb.
     0 | D:1      | Reached XP level 1. HP: 19/19 MP: 0/0
   433 | D:1      | Reached skill level 4 in Axes
   433 | D:1      | Reached XP level 2. HP: 27/27 MP: 1/1
   958 | D:2      | Found a faded altar of an unknown god.
  1015 | D:2      | Reached XP level 3. HP: 24/33 MP: 2/2
  1181 | D:2      | Identified the +2 mace of the Dancing Lamprey {venom, rPois
                  | Str+4}
  1634 | D:3      | Reached skill level 5 in Axes
  1634 | D:3      | Reached XP level 4. HP: 37/41 MP: 3/3
  1637 | D:3      | Reached ** piety under Trog
  1763 | D:3      | Found a sparkling altar of Nemelex Xobeh.
  2321 | D:4      | Reached XP level 5. HP: 32/47 MP: 4/4
  2477 | D:4      | Reached skill level 6 in Axes
  2572 | D:4      | Found Hang's Neck Hole.
  2610 | D:4      | Reached skill level 5 in Fighting
  2615 | D:4      | Reached XP level 6. HP: 27/56 MP: 5/5
  2940 | D:4      | Reached skill level 7 in Axes
  3184 | D:4      | Reached skill level 5 in Armour
  3318 | D:5      | Entered Level 5 of the Dungeon
  3338 | D:5      | Reached XP level 7. HP: 61/61 MP: 6/6
  3349 | D:5      | Reached skill level 8 in Axes
  3505 | D:5      | Found a white marble altar of Elyvilon.
  3653 | D:5      | Reached skill level 9 in Axes
  3852 | D:5      | Found Gillunat's Jewellery Boutique.
  3861 | D:5      | Found a staircase to the Ecumenical Temple.
  4037 | Temple   | Found a transporter.
  4037 | Temple   | Found a transporter.
  4037 | Temple   | Found a transporter.
  4037 | Temple   | Found a transporter.
  4037 | Temple   | Entered the Ecumenical Temple
  4066 | D:6      | Reached skill level 10 in Axes
  4194 | D:6      | Reached XP level 8. HP: 64/68 MP: 7/7
  4363 | D:6      | Reached skill level 11 in Axes
  4375 | D:6      | Noticed Jeremiah
  4390 | D:6      | Killed Jeremiah
  4467 | D:6      | Found a shadowy altar of Dithmenos.
  4569 | D:6      | Reached skill level 12 in Axes
  4583 | D:6      | Noticed Prince Ribbit
  4589 | D:6      | Killed Prince Ribbit
  5168 | D:7      | Reached skill level 13 in Axes
  5262 | D:7      | Reached XP level 9. HP: 69/74 MP: 8/8
  5331 | D:7      | Found an opulent altar of Gozag.
  5333 | D:7      | Reached *** piety under Trog
  5365 | D:7      | Killed from afar by a steam dragon

Illustrated notes

Levels and vault maps discovered:
D:1:      roderic_chinese_lattice_arrival, layout_basic, minmay_tall_x
D:2:      layout_basic, shapermc_ecumenical_altar_petra
D:3:      layout_loops_ring, amcnicky_altar_gilded
D:4:      layout_basic, nicolae_shop_sticking_my_neck_out
D:5:      layout_rooms, mainiacjoe_overflow_boulevard,
          minmay_temple_entry_junction, minmay_shop_enchanted_jewellery
D:6:      layout_loops_ring, nicolae_dithmenos_through_a_glass_darkly,
          uniq_jeremiah, uniq_prince_ribbit1
D:7:      layout_basic, jmf_multi_god_temple
Temple:   hellmonk_temple_divided_pantheon

Skill      XL: |  1  2  3  4  5  6  7  8 |
---------------+-------------------------+-----
Axes           | 4 5 6 7 10 13 | 13.4
Fighting       | 4 5 |  5.0
Armour         | 3 4 5 |  5.0
Dodging        | |  2.1

Action                     |  1- 3 |  4- 6 |  7- 9 || total
---------------------------+-------+-------+-------++-------
  Melee: Hand axe          |    85 |    97 |   140 ||   322
         Headbutt          |     9 |    21 |    32 ||    62
         Punch             |       |     1 |     2 ||     3
 Invoke: Berserk           |     1 |     1 |     1 ||     3
         Trog's Hand       |       |       |     1 ||     1
    Use: Scroll            |       |       |     6 ||     6
         Potion            |       |       |     1 ||     1
   Stab: Sleeping          |     1 |     1 |       ||     2
 Armour: Animal skin       |    19 |       |       ||    19
         Leather armour    |    23 |    54 |     5 ||    82
         Ring mail         |       |       |    13 ||    13
         Chain mail        |       |       |    67 ||    67
  Dodge: Dodged            |    48 |    59 |    41 ||   148

Table legend: (Time is in decaauts)
 A = Elapsed time spent in this place.
 B = Non-inter-level travel time spent in this place.
 C = Inter-level travel time spent in this place.
 D = Time resting spent in this place.
 E = Time spent auto-exploring this place.
 F = Levels seen in this place.
 G = Mean time per level.
                   A        B        C        D        E       F      G
               +--------+--------+--------+--------+--------+-----+--------+
         Total |   5367 |   5024 |    343 |    389 |   3891 |   8 |  670.9 |
       Dungeon |   5365 |   5022 |    343 |    389 |   3891 |   7 |  766.4 |
        Temple |      1 |      1 |      0 |      0 |      0 |   1 |    1.0 |
               +--------+--------+--------+--------+--------+-----+--------+

Top non-repeatable levels by time:
     D:4: 1087 daAuts
     D:6: 941 daAuts
     D:1: 873 daAuts
     D:5: 742 daAuts
     D:2: 734 daAuts
     D:3: 647 daAuts
     D:7: 340 daAuts
  Temple: 1 daAuts
